 Dungeon Crawl Stone Soup version 0.18.1-5-g4a78601 (webtiles) character file.

214 epen the Poker (level 6, -1/47 HPs)
             Began as a Formicid Gladiator on May 14, 2016.
             Slain by a giant frog zombie (4 damage)
             ... on level 4 of the Dungeon.
             The game lasted 00:03:51 (2733 turns).

epen the Poker (Formicid Gladiator)                 Turns: 2733, Time: 00:03:52

Health: -1/47      AC:  5    Str: 21    XL:     6   Next: 14%
Magic:  6/6        EV: 12    Int:  8    God:
Gold:   186        SH:  0    Dex: 11    Spells: 0 memorised, 5 levels left

rFire  . . .     SeeInvis +     a - +0 trident
rCold  . . .     Gourm    .     l - +0 ring mail
rNeg   . . .     Faith    .     (no shield)
rPois  .         Spirit   .     (helmet unavailable)
rElec  .         Dismiss  .     (no cloak)
rCorr  .         Reflect  .     (no gloves)
SustAt .         Harm     .     (no boots)
MR     .....                    (no amulet)
Stlth  +.........               (no ring)
                                (no ring)

@: not resistant to hostile enchantments, very unstealthy
A: permanent stasis, dig shafts and tunnels, four strong arms, antennae 3
a: Dig, Shaft Self


You were on level 4 of the Dungeon.
You were near starving.

You visited 1 branch of the dungeon, and saw 4 of its levels.

You collected 186 gold pieces.

Inventory:

Hand Weapons
 a - a +0 trident (weapon)
 t - a +0 dagger of venom
Missiles
 c - 3 throwing nets (quivered)
Armour
 b - a +0 leather armour
 l - a +0 ring mail (worn)
Scrolls
 e - 3 scrolls of remove curse {unknown}
 i - 4 scrolls of identify {unknown}
 n - 2 scrolls of fear {unknown}
 p - 4 scrolls of magic mapping {unknown}
 r - a scroll of noise {unknown}
Potions
 f - 2 potions of resistance {unknown}
 h - a potion of heal wounds {unknown}
 k - a potion of curing {unknown}
 m - a potion of ambrosia {unknown}
 o - a potion of mutation {unknown}
 q - a potion of flight {unknown}
 s - a potion of lignification {unknown}
Comestibles
 d - a bread ration
 g - a slice of pizza
 j - a beef jerky


   Skills:
 + Level 3.2 Fighting
 * Level 4.2 Polearms
 - Level 2.0 Throwing
 + Level 2.1 Armour
 * Level 3.8 Dodging
 + Level 2.0 Stealth


You had 5 spell levels left.
You didn't know any spells.

Dungeon Overview and Level Annotations

Branches:
Dungeon (4/15)
 Temple: D:4-7

Altars:
Qazlal
Ru


Innate Abilities, Weirdness & Mutations

You are under a permanent stasis effect.
You can dig through walls and to a lower floor.
Your four strong arms can wield two-handed weapons with a shield.
You have a pair of large antennae on your head (SInv).


Message History

You barely miss the giant frog zombie. The giant frog zombie hits you.
* * * LOW HITPOINT WARNING * * *
The giant frog zombie hits you.
* * * LOW HITPOINT WARNING * * *
Attack whom?
Press: ? - help, Dir - move target cursor, f/p - giant frog zombie
Aim: a giant frog zombie You hit the giant frog zombie.
The giant frog zombie hits you but does no damage.
Attack whom?
Press: ? - help, Dir - move target cursor, f/p - giant frog zombie
Aim: a giant frog zombie Your ring mail prevents you from hitting the giant frog zombie.
The giant frog zombie hits you but does no damage.
Attack whom?
Press: ? - help, Dir - move target cursor, f/p - giant frog zombie
Aim: a giant frog zombie You hit the giant frog zombie but do no damage.
The giant frog zombie hits you.
You die...

............#######
..........#.......#####
..........#######.....#######
[.........# #####.......#
..........# #.......(..
#........####### #........##
....<........# #........#
.###.........# #...(....#
#.....Z@..# #........#
...........># #........#
..##.........# #........# .
#.........# #........#
#.........# ##...#####
#.........# #...#
#.........#####..##
..........#......# ....
###.....## ....


You could see a giant frog zombie.

Vanquished Creatures
  A hound (D:4)
  An orc wizard (D:4)
  5 adders
  2 oozes
  3 worms
  2 dart slugs (D:1)
  2 giant geckos
  5 orcs
  2 giant cockroaches
  11 goblins
  15 hobgoblins
  4 jackals (D:3)
  11 kobolds
  2 quokkas (D:3)
  2 ball pythons
  7 bats
  5 giant newts
  4 rats
84 creatures vanquished.

Notes
Turn   | Place    | Note
--------------------------------------------------------------
     0 | D:1      | epen the Formicid Gladiator began the quest for the Orb.
     0 | D:1      | Reached XP level 1. HP: 16/16 MP: 1/1
    50 | D:1      | Reached XP level 2. HP: 22/22 MP: 2/2
   198 | D:1      | Reached skill level 1 in Armour
   247 | D:1      | Reached XP level 3. HP: 22/28 MP: 3/3
   670 | D:2      | Found a stormy altar of Qazlal.
   762 | D:2      | Reached XP level 4. HP: 33/34 MP: 4/4
  1413 | D:2      | Found a sacrificial altar of Ru.
  1721 | D:3      | Reached XP level 5. HP: 39/40 MP: 5/5
  1765 | D:3      | Reached skill level 1 in Stealth
  1868 | D:3      | Found a faded altar to an unknown god.
  2429 | D:3      | Reached skill level 4 in Polearms
  2687 | D:4      | Reached XP level 6. HP: 13/47 MP: 6/6
  2722 | D:3      | You fall through a shaft!
  2733 | D:4      | Slain by a giant frog zombie

Skill      XL: |  1  2  3  4  5 |
---------------+----------------+-----
Dodging        | 3 |  3.8
Armour         | 1 2 |  2.1
Stealth        | 2 |  2.0
Fighting       | 3 |  3.2
Polearms       | 4 |  4.2
Throwing       | |  2.0

Action                   |  1- 3 |  4- 6 || total
-------------------------+-------+-------++-------
Melee: Trident           |   109 |   223 ||   332
 Abil: Shaft Self        |       |     1 ||     1
 Stab: Sleeping          |     1 |       ||     1
  Eat: Chunk             |       |     5 ||     5
Armor: Leather armour    |    18 |       ||    18
       Ring mail         |       |    44 ||    44
Dodge: Dodged            |    51 |   126 ||   177
